 Dungeon Crawl Stone Soup version 0.23.0 (webtiles) character file.

Game seed: 4392818286986858552

2 wolfsongas the Magician (level 1, -2/13 HPs)
             Began as a Gnoll Wanderer on Feb 17, 2019.
             Slain by a kobold
             ... wielding a +0 club
              (3 damage)
             ... on level 1 of the Dungeon.
             The game lasted 00:00:32 (44 turns).

wolfsongas the Magician (Gnoll Wanderer)              Turns: 44, Time: 00:00:32

Health: -2/13      AC:  2    Str: 14    XL:     1   Next: 40%
Magic:  8/8        EV: 11    Int: 15    God:
Gold:   0          SH:  0    Dex: 13    Spells: 13/14 levels left

rFire    . . .     SeeInvis .   e - +0 club
rCold    . . .     Gourm    .   (no shield)
rNeg     . . .     Faith    .   d - +0 robe
rPois    .         Spirit   .   (no helmet)
rElec    .         Reflect  .   (no cloak)
rCorr    .         Harm     .   (no gloves)
MR       .....                  (no boots)
Stlth    ++........             (no amulet)
HPRegen  0.04/turn              a - ring of stealth
MPRegen  0.11/turn              (no ring)

@: no status effects
A: distributed training, fangs 1, strong nose
a: no special abilities


You were on level 1 of the Dungeon.
You were not hungry.

You visited 1 branch of the dungeon, and saw 1 of its levels.

Inventory:

Hand Weapons
 e - a +0 club (weapon)
Armour
 d - a +0 robe (worn)
Jewellery
 a - a ring of stealth (left hand)
Comestibles
 f - a ration


   Skills:
 + Level 0.0 Fighting
 + Level 0.0 Short Blades
 + Level 0.0 Long Blades
 + Level 0.0 Axes
 + Level 0.0 Maces & Flails
 + Level 0.0 Polearms
 + Level 0.0 Staves
 + Level 0.0 Slings
 + Level 0.0 Bows
 + Level 0.0 Crossbows
 + Level 2.3 Throwing
 + Level 0.0 Armour
 + Level 0.0 Dodging
 + Level 0.0 Stealth
 + Level 0.0 Shields
 + Level 0.0 Unarmed Combat
 + Level 7.0 Spellcasting
 + Level 0.0 Conjurations
 + Level 0.0 Hexes
 + Level 0.0 Charms
 + Level 0.0 Summonings
 + Level 0.0 Necromancy
 + Level 7.0 Translocations
 + Level 0.0 Transmutations
 + Level 0.0 Fire Magic
 + Level 0.0 Ice Magic
 + Level 1.9 Air Magic
 + Level 0.0 Earth Magic
 + Level 0.0 Poison Magic
 + Level 0.1 Invocations
 + Level 2.3 Evocations


You had 13 spell levels left.
You knew the following spells:

 Your Spells              Type           Power        Failure   Level  Hunger
a - Magic Dart            Conj           #...         13%         1    None

Your spell library contained the following spells:

 Spells                   Type           Power        Failure   Level  Hunger
 Blink                    Tloc           N/A          1%          2    None
 Call Imp                 Summ           #.......     21%         2    None
 Searing Ray              Conj           #.....       21%         2    None
 Slow                     Hex            #.......     21%         2    None
 Throw Flame              Conj/Fire      #.....       21%         2    None
 Mephitic Cloud           Conj/Pois/Air  #.......     30%         3    ##.....
 Conjure Flame            Conj/Fire      #.......     36%         3    ##.....


Dungeon Overview and Level Annotations

Branches:
Dungeon (1/15)

Altars:


Innate Abilities, Weirdness & Mutations

Your experience applies equally to all skills.
You have very sharp teeth.
Your uncanny sense of smell can sniff out nearby items.


Message History

You barely miss the hobgoblin.
The hobgoblin is severely wounded.
The hobgoblin closely misses you.
You hit the hobgoblin but do no damage.
You bite the hobgoblin, but do no damage.
The hobgoblin is severely wounded.
The hobgoblin closely misses you. The hobgoblin hits you.
You hit the hobgoblin.
You kill the hobgoblin!
The hobgoblin completely misses you.
You closely miss the hobgoblin. The hobgoblin closely misses you.
You hit the hobgoblin.
The hobgoblin is heavily wounded.
The hobgoblin hits you with a +0 club.
* * * LOW HITPOINT WARNING * * *
You hit the hobgoblin.
You kill the hobgoblin!
The kobold hits you but does no damage. The kobold hits you with a +0 club.
You die...

∆
####...............
....................
#####.....⌠.........
#...............
#.......<.∩.....
#...............
##....⌠........#
##....K......##
#.....@..####
##....#### ######


You could see a kobold.

Vanquished Creatures
  2 hobgoblins (D:1)
2 creatures vanquished.

Notes
Turn   | Place    | Note
-------+----------+-------------------------------------------
     0 | D:1      | wolfsongas the Gnoll Wanderer began the quest for the Orb.
     0 | D:1      | wolfsongas set off with the following items: a potion of
                  | curing, a +0 robe, a +0 club, a ration; and the following
                  | spell memorised: Magic Dart; and the following spells
                  | available to memorise: Blink, Call Imp, Searing Ray, Slow,
                  | Throw Flame, Mephitic Cloud, Conjure Flame
     0 | D:1      | Reached XP level 1. HP: 13/13 MP: 8/8
    44 | D:1      | Slain by a kobold

Action                   || total
-------------------------++-------
Melee: Club              ||     9
       Bite              ||     1
  Use: Potion            ||     1
Armor: Robe              ||     2
Dodge: Dodged            ||     4
